[Event "Titled Tuesday Blitz March 07 Late 2023"]
[White "Ezat, Mohamed"]
[Black "Carlsen, Magnus"]
[WhiteFideId "10600906"]
[BlackFideId "1503014"]
[WhiteElo "2386"]
[BlackElo "2852"]
[Result "0-1"]
[Round "01"]
[TimeControl "180+2"]
[Date "2023.03.07"]
[WhiteClock "0:00:41"]
[BlackClock "0:01:59"]

1. d4 g6 2. c4 Bg7 3. e4 e6 4. Nc3 Ne7 5. Be2 d5 6. cxd5 exd5 7. e5 c5 8. Nf3 cxd4 9. Nb5 O-O 10. Nbxd4 Nbc6 11. Nxc6 Nxc6 12. O-O Nxe5 13. Nxe5 Bxe5 14. Bf3 Be6 15. Re1 Bg7 16. Be3 d4 17. Bf4 Qd7 18. Qd2 Bd5 19. Bxd5 Qxd5 20. Bh6 Rfe8 21. Bxg7 Kxg7 22. h3 Rad8 23. Rxe8 Rxe8 24. Rd1 Rd8 25. b3 h5 26. Qd3 a5 27. Rc1 b5 28. a4 bxa4 29. bxa4 Rb8 30. Rc4 Rb1+ 31. Kh2 Rb4 32. Rxb4 Qd6+ 33. g3 Qxb4 34. Qe4 Qxa4 35. Qe5+ Kg8 36. Qb8+ Kh7 37. Qf4 Qc4 38. g4 hxg4 39. hxg4 a4 40. Qd6 d3 41. Kg3 Qc3 42. Qe7 d2+ 43. f3 d1=Q 0-1


[Site "https://www.chess.com"]

[Event "Titled Tuesday Blitz March 07 Late 2023"]
[White "Nakamura, Hikaru"]
[Black "Bellissimo, Joseph F."]
[WhiteFideId "2016192"]
[BlackFideId "2609843"]
[WhiteElo "2879"]
[BlackElo "2103"]
[Result "1-0"]
[Round "01"]
[TimeControl "180+2"]
[Date "2023.03.07"]
[WhiteClock "0:02:04"]
[BlackClock "0:00:45"]

1. Nf3 Nf6 2. g3 b5 3. Na3 a6 4. c4 b4 5. Nc2 c5 6. d4 e6 7. a3 bxa3 8. b3 cxd4 9. Nfxd4 Bb7 10. Nf3 Ne4 11. Bxa3 Qb6 12. Qd4 Qxb3 13. Bxf8 Kxf8 14. Rc1 Nc6 15. Qxe4 Nb4 16. Ncd4 Qa3 17. Qe3 Qa5 18. Qd2 Qc5 19. Nb3 Qe7 20. Bg2 a5 21. O-O a4 22. Nbd4 a3 23. Rb1 Ra4 24. Nc2 Nxc2 25. Rxb7 Rb4 26. Rxd7 1-0


[Site "https://www.chess.com"]

[Event "Titled Tuesday Blitz March 07 Late 2023"]
[White "Petrovic, Aleksa"]
[Black "Naroditsky, Daniel"]
[WhiteFideId "967629"]
[BlackFideId "2026961"]
[WhiteElo "2326"]
[BlackElo "2633"]
[Result "1-0"]
[Round "01"]
[TimeControl "180+2"]
[Date "2023.03.07"]
[WhiteClock "0:00:09"]
[BlackClock "0:00:13"]

1. d4 Nf6 2. c4 g6 3. Nc3 Bg7 4. e4 d6 5. Nf3 O-O 6. Be2 e5 7. O-O exd4 8. Nxd4 Re8 9. f3 c6 10. Kh1 Nbd7 11. Be3 d5 12. cxd5 cxd5 13. Ndb5 Nb6 14. Bf4 Nh5 15. Bc7 Qh4 16. Qe1 Qxe1 17. Raxe1 d4 18. Bxb6 dxc3 19. Nc7 axb6 20. Nxa8 cxb2 21. Nxb6 Be6 22. Bc4 Nf4 23. g3 Bxc4 24. Nxc4 Nd3 25. Rd1 Rd8 26. Rd2 b5 27. Nxb2 Bxb2 28. Rfd1 Nf2+ 29. Kg2 Ra8 30. Rxf2 Bc3 31. Rc2 b4 32. Rb1 Kf8 33. Rb3 Ke7 34. a3 bxa3 35. Rcxc3 a2 36. Ra3 a1=Q 37. Rxa1 Rxa1 38. Rc7+ Ke6 39. Rc6+ Kd7 40. Rc2 h5 41. Rd2+ Ke6 42. Kh3 Ra3 43. f4 Re3 44. e5 Ra3 45. Rd6+ Ke7 46. Kh4 Ra2 47. h3 Ra3 48. g4 hxg4 49. hxg4 Ra4 50. Kg5 Ra5 51. Rb6 Rc5 52. Rb7+ Ke6 53. f5+ gxf5 54. gxf5+ Kxe5 55. Rxf7 Rc1 56. Re7+ Kd6 57. Kf6 Rf1 58. Re2 Kd7 59. Kg6 Rg1+ 60. Kf7 Rf1 61. f6 Rd1 62. Kg8 Rg1+ 63. Kf8 Rf1 64. f7 Rf3 65. Re4 Rg3 66. Re1 Rd3 67. Rg1 Rf3 68. Kg8 Ke7 69. Re1+ Kd7 70. f8=Q Rg3+ 71. Qg7+ Rxg7+ 72. Kxg7 Kd6 73. Kf6 Kd5 74. Kf5 Kd4 75. Re5 Kd3 76. Re4 Kc3 77. Ke5 Kd3 78. Kd5 Kd2 79. Kd4 Kc2 80. Re2+ 1-0


[Site "https://www.chess.com"]

[Event "Titled Tuesday Blitz March 07 Late 2023"]
[White "Firouzja, Alireza"]
[Black "Sokolin, Leonid"]
[WhiteFideId "12573981"]
[BlackFideId "2009161"]
[WhiteElo "2904"]
[BlackElo "2394"]
[Result "1-0"]
[Round "01"]
[TimeControl "180+2"]
[Date "2023.03.07"]
[WhiteClock "0:00:50"]
[BlackClock "0:00:06"]

1. e4 c5 2. Nf3 Nc6 3. Bb5 g6 4. O-O Bg7 5. Re1 Nf6 6. h3 O-O 7. c3 e5 8. d3 d6 9. a4 h6 10. Be3 Qc7 11. Nbd2 Be6 12. d4 exd4 13. cxd4 cxd4 14. Nxd4 Nxd4 15. Bxd4 a6 16. Rc1 Qe7 17. Bf1 Rac8 18. Nf3 Rxc1 19. Qxc1 Rc8 20. Qd2 Qd7 21. a5 Qa4 22. Qf4 Ne8 23. Bxg7 Kxg7 24. Qd2 Rc2 25. Qd1 Bd7 26. b3 Qa2 27. Bc4 Bb5 28. Qd4+ Nf6 29. Bd5 Bc6 30. Bxc6 bxc6 31. e5 dxe5 32. Nxe5 c5 33. Qe3 Qb2 34. Nxf7 Qd4 35. Ne5 Qxe3 36. Rxe3 Nd5 37. Rf3 Re2 38. Nd3 Nc3 39. Nxc5 Rc2 40. Nxa6 Ne4 41. g3 Ra2 42. b4 Nd2 43. Re3 Nc4 44. Re4 Nd2 45. Re3 Nc4 46. Rc3 Nd2 47. Nc5 1-0


[Site "https://www.chess.com"]

[Event "Titled Tuesday Blitz March 07 Late 2023"]
[White "Grycel, Kamil"]
[Black "Yu, Yangyi"]
[WhiteFideId "1115499"]
[BlackFideId "8603820"]
[WhiteElo "2505"]
[BlackElo "2783"]
[Result "0-1"]
[Round "01"]
[TimeControl "180+2"]
[Date "2023.03.07"]
[WhiteClock "0:00:09"]
[BlackClock "0:00:40"]

1. b3 d5 2. Bb2 Bf5 3. Nf3 Nf6 4. g3 e6 5. Bg2 Be7 6. c4 O-O 7. O-O h6 8. d3 a5 9. a3 Bh7 10. Nbd2 Nbd7 11. Qc2 Re8 12. Rfc1 c5 13. cxd5 exd5 14. Ne5 Rc8 15. Ndf3 Bd6 16. Nxd7 Nxd7 17. Qd2 Qb6 18. Rab1 Be7 19. Bc3 Ra8 20. b4 d4 21. Ba1 cxb4 22. Bxd4 Qd8 23. axb4 Bxb4 24. Qb2 Nf6 25. Bxf6 Qxf6 26. Qxf6 gxf6 27. e4 Red8 28. Rd1 b5 29. Bf1 Rab8 30. Rdc1 Rdc8 31. Rd1 Bc3 32. Nd2 a4 33. d4 b4 34. Bd3 a3 35. Nb3 a2 36. Rbc1 Ra8 37. Na1 Bxa1 38. Rxa1 b3 39. Rd2 Rc3 40. f3 Rac8 41. Kf2 Rc1 42. Rd1 Rxd1 43. Rxd1 b2 0-1


[Site "https://www.chess.com"]

[Event "Titled Tuesday Blitz March 07 Late 2023"]
[White "Vachier-Lagrave, Maxime"]
[Black "Dragomirescu, Angela"]
[WhiteFideId "623539"]
[BlackFideId "1209914"]
[WhiteElo "2740"]
[BlackElo "2171"]
[Result "1-0"]
[Round "01"]
[TimeControl "180+2"]
[Date "2023.03.07"]
[WhiteClock "0:00:34"]
[BlackClock "0:00:14"]

1. c4 Nf6 2. Nc3 e6 3. e4 c5 4. e5 Ng8 5. Nf3 Nc6 6. d4 cxd4 7. Nxd4 Nxe5 8. Ndb5 a6 9. Nd6+ Bxd6 10. Qxd6 f6 11. Be2 Ne7 12. O-O O-O 13. b3 Nf5 14. Qd2 d5 15. cxd5 exd5 16. Nxd5 Be6 17. Nf4 Qxd2 18. Bxd2 Bf7 19. Rfd1 Rac8 20. Ba5 Rfe8 21. Rd2 Nc6 22. Bb6 Re4 23. g3 Nfd4 24. Bd1 Re1+ 25. Kg2 Nb5 26. Nd3 Ree8 27. Bg4 Be6 28. Bf3 Ncd4 29. Bxd4 Nxd4 30. Bxb7 Rb8 31. Nc5 Nb5 32. Bxa6 Nc7 33. Nxe6 Nxa6 34. Rd6 Nb4 35. a3 Nc2 36. Rc1 Nxa3 37. Rc7 g6 38. Nd4 Nb5 39. Nxb5 Rxb5 40. Rdd7 Rh5 41. b4 Rb8 42. b5 Rhxb5 43. Rg7+ Kf8 44. Rxh7 Kg8 45. Rcg7+ Kf8 46. Rxg6 1-0


[Site "https://www.chess.com"]

[Event "Titled Tuesday Blitz March 07 Late 2023"]
[White "Zirkelbach, Maj"]
[Black "Duda, Jan-Krzysztof"]
[WhiteFideId "14613395"]
[BlackFideId "1170546"]
[WhiteElo "2138"]
[BlackElo "2790"]
[Result "0-1"]
[Round "01"]
[TimeControl "180+2"]
[Date "2023.03.07"]
[WhiteClock "0:00:14"]
[BlackClock "0:00:13"]

1. d4 e6 2. c4 Bb4+ 3. Bd2 a5 4. Nf3 d6 5. g3 Nc6 6. Bg2 e5 7. Bxb4 axb4 8. dxe5 dxe5 9. Qxd8+ Kxd8 10. Nbd2 Nf6 11. e3 Ke7 12. O-O Rd8 13. Rfd1 e4 14. Nd4 Nxd4 15. exd4 Rxd4 16. Nxe4 Rxd1+ 17. Rxd1 Nxe4 18. Bxe4 Rxa2 19. Rd2 h6 20. f4 c6 21. Kf2 Be6 22. Bd3 g6 23. Ke3 b6 24. Kd4 c5+ 25. Ke3 Ra1 26. Re2 Rd1 27. b3 Bg4 28. Rd2 Re1+ 29. Kf2 Rc1 30. Rc2 Rb1 31. Re2+ Bxe2 32. Bxb1 Bd1 33. Ba2 Kf6 34. Ke3 Bc2 35. Kd2 Bf5 36. Ke3 g5 37. Kf3 Bc2 38. Ke3 Kf5 39. Kd2 Be4 40. Ke3 gxf4+ 41. gxf4 h5 42. h4 f6 0-1


[Site "https://www.chess.com"]

[Event "Titled Tuesday Blitz March 07 Late 2023"]
[White "Andreikin, Dmitry"]
[Black "Wartiovaara, Oliver"]
[WhiteFideId "4158814"]
[BlackFideId "513024"]
[WhiteElo "2736"]
[BlackElo "2214"]
[Result "1-0"]
[Round "01"]
[TimeControl "180+2"]
[Date "2023.03.07"]
[WhiteClock "0:01:40"]
[BlackClock "0:00:47"]

1. e4 d5 2. exd5 Qxd5 3. Nf3 Bg4 4. Be2 Nc6 5. O-O O-O-O 6. h3 Bxf3 7. Bxf3 Qd7 8. c3 Nf6 9. d4 e5 10. dxe5 Nxe5 11. Qxd7+ Rxd7 12. Be2 Bc5 13. Nd2 Nd3 14. Nb3 Nxc1 15. Raxc1 Bb6 16. Bf3 Re8 17. Rfd1 c6 18. Kf1 Red8 19. Rxd7 Kxd7 20. Nd2 Ke7 21. Nc4 Bc7 22. a4 a5 23. g3 g6 24. Ke2 h5 25. b4 axb4 26. cxb4 Nd5 27. b5 cxb5 28. Ne3 Nxe3 29. Rxc7+ Kd6 30. Rxb7 Nf5 31. axb5 Nd4+ 32. Ke3 Nxf3 33. Kxf3 Ke6 34. Ke3 Kf6 35. Rb6+ Kg7 36. Rc6 Rd5 37. b6 Rb5 38. Kd4 Rb2 39. Kc5 Rc2+ 40. Kd6 Rxf2 41. b7 Rb2 42. Kc7 Rxb7+ 43. Kxb7 h4 44. gxh4 Kh6 45. Rf6 Kg7 46. Rf4 f5 47. h5 1-0


[Site "https://www.chess.com"]

[Event "Titled Tuesday Blitz March 07 Late 2023"]
[White "reevecanada"]
[Black "Caruana, Fabiano"]
[BlackFideId "2020009"]
[WhiteElo "2500"]
[BlackElo "2818"]
[Result "1-0"]
[Round "01"]
[TimeControl "180+2"]
[Date "2023.03.07"]
[WhiteClock "0:01:17"]
[BlackClock "0:00:49"]

1. e4 e6 2. b3 d5 3. Bb2 dxe4 4. Nc3 Nf6 5. g4 b6 6. Bg2 Bb7 7. Qe2 Nc6 8. Nxe4 Nd4 9. Nxf6+ gxf6 10. Bxb7 Nxe2 11. Bc6+ Ke7 12. Ba3+ Qd6 13. Bxd6+ Kxd6 14. Bxa8 Nd4 15. O-O-O Bh6 16. Bg2 Rg8 17. h3 Ke7 18. c3 Nb5 19. Ne2 f5 20. f3 c5 21. Kc2 Kf6 22. d4 Rc8 23. c4 Nc7 24. f4 Bf8 25. g5+ Kg6 26. d5 exd5 27. Bxd5 Re8 28. Rh2 h6 29. gxh6 Bxh6 30. Rg2+ Kf6 31. Ng3 Re3 32. Rd3 Re1 33. Kd2 Ra1 34. Ke3 Na6 35. Kf3 Nb4 36. Nh5+ Ke7 37. Re3+ Kf8 38. Nf6 Rf1+ 39. Ke2 1-0


[Site "https://www.chess.com"]

[Event "Titled Tuesday Blitz March 07 Late 2023"]
[White "Fedoseev, Vladimir"]
[Black "Erzhanov, Arman"]
[WhiteFideId "24130737"]
[BlackFideId "4138821"]
[WhiteElo "2752"]
[BlackElo "2138"]
[Result "1-0"]
[Round "01"]
[TimeControl "180+2"]
[Date "2023.03.07"]
[WhiteClock "0:00:37"]
[BlackClock "0:00:02"]

1. e4 d6 2. d4 Nf6 3. Nc3 c6 4. Nf3 Bg4 5. h3 Bh5 6. g4 Bg6 7. Bd3 d5 8. e5 Bxd3 9. Qxd3 Ng8 10. e6 f6 11. Bf4 Na6 12. O-O-O Qa5 13. a3 O-O-O 14. h4 g6 15. h5 Bh6 16. g5 fxg5 17. Bxg5 Qc7 18. hxg6 hxg6 19. Kb1 Rf8 20. Ne5 Bxg5 21. Rxh8 Bf6 22. Nxg6 Bxh8 23. Nxf8 Qf4 24. Ng6 Qh6 25. f4 Bg7 26. f5 Qg5 27. Ne2 Nh6 28. Rf1 Nc7 29. Qg3 Qf6 30. Qe5 Qxe5 31. dxe5 c5 32. Nxe7+ Kd8 33. Ng6 Ke8 34. f6 Bf8 35. Nef4 Ng4 36. f7+ 1-0


[Site "https://www.chess.com"]

[Event "Titled Tuesday Blitz March 07 Late 2023"]
[White "Ronka, Erik"]
[Black "Matlakov, Maxim"]
[WhiteFideId "505080"]
[BlackFideId "4168003"]
[WhiteElo "2264"]
[BlackElo "2666"]
[Result "0-1"]
[Round "01"]
[TimeControl "180+2"]
[Date "2023.03.07"]
[WhiteClock "0:00:01"]
[BlackClock "0:00:47"]

1. e4 e5 2. Nc3 Nf6 3. Bc4 Bc5 4. f4 d6 5. Nf3 Nc6 6. d3 O-O 7. f5 Nd4 8. Nxd4 Bxd4 9. Qf3 c6 10. Bg5 b5 11. Bb3 a5 12. a4 b4 13. Nd1 d5 14. exd5 cxd5 15. Bxf6 Qxf6 16. Bxd5 Ra7 17. c3 bxc3 18. bxc3 Bc5 19. Be4 Rc7 20. c4 Bb4+ 21. Ke2 Bd7 22. Ne3 Rcc8 23. Nd5 Qh6 24. Rad1 Bxa4 25. f6 Bxd1+ 26. Rxd1 g6 27. h4 Rb8 28. g4 Bc5 29. Rd2 Qxh4 30. Ne7+ Bxe7 31. fxe7 Qxe7 32. Bd5 Rb1 33. Qe4 Qh4 34. Kf3 Re1 35. Re2 Rf1+ 36. Ke3 Qg5+ 0-1


[Site "https://www.chess.com"]

[Event "Titled Tuesday Blitz March 07 Late 2023"]
[White "Bortnyk, Olexandr"]
[Black "Zhang, Derek"]
[WhiteFideId "14120828"]
[BlackFideId "2087871"]
[WhiteElo "2734"]
[BlackElo "2087"]
[Result "1-0"]
[Round "01"]
[TimeControl "180+2"]
[Date "2023.03.07"]
[WhiteClock "0:00:03"]
[BlackClock "0:00:01"]

1. d4 d6 2. Nc3 e5 3. dxe5 dxe5 4. Qxd8+ Kxd8 5. Bg5+ f6 6. O-O-O+ Nd7 7. Bh4 c6 8. e3 Kc7 9. f4 Nh6 10. fxe5 Nxe5 11. Nf3 Nxf3 12. gxf3 Nf5 13. Bg3+ Nxg3 14. hxg3 Be6 15. Bh3 Bxh3 16. Rxh3 Bc5 17. e4 h6 18. Rd3 Rad8 19. Ne2 Rhe8 20. Rh5 b6 21. a3 a5 22. Rc3 Bd6 23. Rd3 Be5 24. g4 Rd6 25. f4 Rxd3 26. cxd3 Bd6 27. Kd2 Bc5 28. d4 Bd6 29. Ke3 c5 30. d5 b5 31. Ng1 b4 32. Nf3 c4 33. axb4 axb4 34. e5 Bc5+ 35. Ke4 Kd7 36. Rh1 Rc8 37. Rc1 Bb6 38. e6+ Kd6 39. Nh4 g6 40. Nxg6 c3 41. bxc3 bxc3 42. e7 Kd7 43. d6 c2 44. Nf8+ Kxd6 45. Ng6 Kd7 46. Kd3 Rc6 47. f5 Bc7 48. Rxc2 Rxc2 49. Kxc2 Bd6 50. Kd3 Bxe7 51. Kc4 Kd6 52. Nxe7 Kxe7 53. Kc5 Ke8 54. Kd6 1-0


[Site "https://www.chess.com"]

[Event "Titled Tuesday Blitz March 07 Late 2023"]
[White "Ferreira, Vitor Hugo Vieira"]
[Black "Hakobyan, Aram"]
[WhiteFideId "2119765"]
[BlackFideId "13306677"]
[WhiteElo "2146"]
[BlackElo "2563"]
[Result "0-1"]
[Round "01"]
[TimeControl "180+2"]
[Date "2023.03.07"]
[WhiteClock "0:00:24"]
[BlackClock "0:00:48"]

1. Nf3 g6 2. g3 Bg7 3. Bg2 e5 4. O-O Nc6 5. c4 Nge7 6. Nc3 O-O 7. d3 d6 8. Rb1 a5 9. a3 f5 10. Ne1 Be6 11. Nd5 Qd7 12. b4 axb4 13. axb4 Bf7 14. Nc2 Nxd5 15. cxd5 Ne7 16. e4 c6 17. dxc6 bxc6 18. exf5 Nxf5 19. b5 cxb5 20. Bxa8 Rxa8 21. Qf3 Rc8 22. Nb4 Nd4 23. Qe4 d5 24. Qg2 Be6 25. Be3 Ne2+ 26. Kh1 d4 27. Rb2 Bh3 28. Qd5+ Qxd5+ 29. Nxd5 Bxf1 30. Ne7+ Kf8 31. Nxc8 dxe3 32. fxe3 e4 33. d4 Bh6 34. Nd6 Bxe3 35. Nxe4 Bxd4 36. Rxb5 Nxg3+ 37. hxg3 Bxb5 38. Nd6 Bc6+ 39. Kh2 Be5 40. Nc4 Bc7 41. Na5 Bxa5 0-1


[Site "https://www.chess.com"]

[Event "Titled Tuesday Blitz March 07 Late 2023"]
[White "Mamedyarov, Shakhriyar"]
[Black "Koc, Przemyslaw"]
[WhiteFideId "13401319"]
[BlackFideId "1109081"]
[WhiteElo "2704"]
[BlackElo "2161"]
[Result "1-0"]
[Round "01"]
[TimeControl "180+2"]
[Date "2023.03.07"]
[WhiteClock "0:01:07"]
[BlackClock "0:00:20"]

1. d4 d6 2. Nf3 Nf6 3. g3 Nbd7 4. Bg2 e5 5. O-O g6 6. b3 exd4 7. Nxd4 Bg7 8. c4 O-O 9. Nc3 c6 10. e4 Re8 11. Re1 Nc5 12. h3 a5 13. Bf4 Nh5 14. Be3 Qc7 15. Qc2 Bd7 16. Rad1 Rad8 17. Bg5 f6 18. Be3 Bf8 19. a3 Ng7 20. b4 axb4 21. axb4 Nce6 22. f4 f5 23. b5 Nc5 24. bxc6 bxc6 25. Kh2 fxe4 26. Nxe4 Nxe4 27. Bxe4 Ne6 28. Nf3 Nc5 29. Bxg6 hxg6 30. Qxg6+ Bg7 31. Ng5 Bc8 32. Bd4 Rxe1 33. Rxe1 Nd3 34. Qxd3 1-0


[Site "https://www.chess.com"]

[Event "Titled Tuesday Blitz March 07 Late 2023"]
[White "Estrada Nieto, Julian"]
[Black "Bortnyk, Mykola"]
[WhiteFideId "5101018"]
[BlackFideId "14120836"]
[WhiteElo "2176"]
[BlackElo "2582"]
[Result "0-1"]
[Round "01"]
[TimeControl "180+2"]
[Date "2023.03.07"]
[WhiteClock "0:00:04"]
[BlackClock "0:00:56"]

1. e4 Nf6 2. e5 Nd5 3. d4 d6 4. Nf3 dxe5 5. Nxe5 c6 6. Bc4 Bf5 7. O-O Nd7 8. Nf3 e6 9. Re1 Bd6 10. c3 O-O 11. Nbd2 b5 12. Bb3 N5f6 13. a4 a5 14. Nf1 Qc7 15. Ne3 Be4 16. h3 Nb6 17. Ng4 Bg6 18. Nxf6+ gxf6 19. Bh6 Rfe8 20. Nh4 bxa4 21. Bxa4 Nxa4 22. Rxa4 Rab8 23. Nxg6 hxg6 24. Qf3 f5 25. Bc1 Kg7 26. Qe2 e5 27. Be3 f4 28. dxe5 Bxe5 29. Bd2 Rxb2 30. Re4 f3 31. gxf3 Bh2+ 32. Kg2 Rxe4 33. fxe4 Be5 34. Bh6+ Kxh6 35. Qxb2 Bf4 36. Qe2 Qe5 37. Qc4 Qg5+ 38. Kf1 Qf6 39. e5 Bxe5 40. Qc5 Bxc3 41. Re4 Bb4 42. Qe3+ Kg7 43. Re8 a4 44. Qa7 a3 45. Qa8 Bc5 46. Re2 Qf3 47. Ke1 Bb4+ 48. Kd1 Qd3+ 0-1


[Site "https://www.chess.com"]

[Event "Titled Tuesday Blitz March 07 Late 2023"]
[White "Deac, Bogdan-Daniel"]
[Black "Gireman, Ja"]
[WhiteFideId "1226380"]
[BlackFideId "5043794"]
[WhiteElo "2649"]
[BlackElo "2153"]
[Result "1-0"]
[Round "01"]
[TimeControl "180+2"]
[Date "2023.03.07"]
[WhiteClock "0:00:32"]
[BlackClock "0:00:22"]

1. b3 e6 2. Bb2 Nf6 3. c4 b6 4. Nf3 Bb7 5. g3 Be7 6. Bg2 O-O 7. O-O d5 8. cxd5 exd5 9. d4 Ne4 10. Nc3 Nc6 11. Rc1 f5 12. e3 Ba6 13. Re1 Nb4 14. Ne5 Bd6 15. a3 Bxe5 16. axb4 Bf6 17. Qc2 Rc8 18. Ra1 Nxc3 19. Bxc3 Bb5 20. Qxf5 Kh8 21. Qxd5 Qe8 22. Rxa7 c5 23. bxc5 bxc5 24. Qe4 Qh5 25. Qd5 Qh6 26. Qb7 cxd4 27. Bxd4 Bxd4 28. exd4 Rc1 29. Ra1 Rxa1 30. Rxa1 Qd2 31. Qxb5 1-0


[Site "https://www.chess.com"]

[Event "Titled Tuesday Blitz March 07 Late 2023"]
[White "Womacka, Mathias"]
[Black "Lenderman, Aleksandr"]
[WhiteFideId "4611390"]
[BlackFideId "2021285"]
[WhiteElo "2377"]
[BlackElo "2607"]
[Result "0-1"]
[Round "01"]
[TimeControl "180+2"]
[Date "2023.03.07"]
[WhiteClock "0:00:01"]
[BlackClock "0:00:58"]

1. e4 e6 2. d4 d5 3. Nd2 c5 4. exd5 Qxd5 5. Ngf3 cxd4 6. Bc4 Qd8 7. O-O Nc6 8. Nb3 a6 9. Nbxd4 Nxd4 10. Nxd4 Nf6 11. Bf4 Bc5 12. Nb3 Qxd1 13. Raxd1 Be7 14. Be2 Nd5 15. Be5 f6 16. Bg3 Nb4 17. c3 Nc6 18. Bc7 Bd7 19. Bb6 Ne5 20. Nc5 Bxc5 21. Bxc5 Bc6 22. Bd4 Ng6 23. Bc4 Nf4 24. f3 Bd5 25. Bxd5 Nxd5 26. c4 Nf4 27. Be3 Ng6 28. Rd6 Ke7 29. Rfd1 Rhd8 30. Bc5 Rxd6 31. Rxd6 Rc8 32. Rc6+ Kd8 33. Bb6+ Kd7 34. Rxc8 Kxc8 35. Kf2 Ne5 36. b3 Nd3+ 37. Ke3 Nb4 38. Ba5 Nc6 39. Bc3 Kd7 40. g4 Kd6 41. h4 Kc5 42. h5 h6 43. Ke4 b5 44. cxb5 axb5 0-1


[Site "https://www.chess.com"]

[Event "Titled Tuesday Blitz March 07 Late 2023"]
[White "Yoo, Christopher Woojin"]
[Black "Kalajzic, Ivan"]
[WhiteFideId "30909694"]
[BlackFideId "14506378"]
[WhiteElo "2519"]
[BlackElo "2203"]
[Result "1-0"]
[Round "01"]
[TimeControl "180+2"]
[Date "2023.03.07"]
[WhiteClock "0:00:54"]
[BlackClock "0:00:13"]

1. d4 d5 2. Nf3 Nc6 3. c4 Bg4 4. cxd5 Bxf3 5. gxf3 Qxd5 6. e3 e5 7. Nc3 Bb4 8. Bd2 Bxc3 9. bxc3 Nf6 10. Bg2 exd4 11. cxd4 O-O 12. O-O Rfe8 13. Rb1 Rab8 14. Qb3 Qd6 15. Rfc1 Nd7 16. Qa4 Nb6 17. Qb5 a6 18. Qc5 Qe6 19. Rb3 Nd7 20. Qg5 Ne7 21. Rxc7 Nf6 22. Qe5 Ng6 23. Qxe6 Rxe6 24. Rbxb7 Rxb7 25. Rxb7 h5 26. f4 Nh4 27. d5 Rd6 28. Bb4 Rd7 29. Rxd7 Nxd7 30. Bf1 Nb6 31. d6 Nf5 32. Bxa6 Nd7 33. Bc8 Nb6 34. Bxf5 1-0


[Site "https://www.chess.com"]

[Event "Titled Tuesday Blitz March 07 Late 2023"]
[White "Molenda, Marcin"]
[Black "Liang, Awonder"]
[WhiteFideId "1173065"]
[BlackFideId "2056437"]
[WhiteElo "2286"]
[BlackElo "2508"]
[Result "1-0"]
[Round "01"]
[TimeControl "180+2"]
[Date "2023.03.07"]
[WhiteClock "0:00:05"]
[BlackClock "0:00:05"]

1. e4 a5 2. d4 c6 3. d5 g6 4. Nf3 Bg7 5. c4 d6 6. Nc3 a4 7. a3 Nf6 8. Bd3 Nbd7 9. O-O Nc5 10. Bc2 O-O 11. h3 Bd7 12. Re1 cxd5 13. exd5 Re8 14. Nd4 Qb6 15. Ndb5 Bxb5 16. cxb5 Nfd7 17. Qe2 Nb3 18. Nxa4 Nxc1 19. Raxc1 Qa5 20. b3 Rac8 21. Bd3 Bf6 22. Qe3 Kg7 23. Rxc8 Rxc8 24. Rc1 Rxc1+ 25. Qxc1 Nb6 26. Nxb6 Qxb6 27. a4 Qd4 28. Bc4 Qa7 29. Qd2 b6 30. Qe3 Qa5 31. g3 h5 32. Kg2 h4 33. gxh4 Bxh4 34. Qd4+ Bf6 35. Qe3 Qa7 36. Qd2 Qc7 37. Qe3 Be5 38. Kh1 Qc8 39. Kg2 Qd8 40. a5 bxa5 41. b6 Qb8 42. Ba6 e6 43. b7 exd5 44. Qc1 d4 45. Qc6 Kf6 46. Bc4 Kg7 47. Qd5 Qc7 48. Qxf7+ Qxf7 49. Bxf7 d5 50. Bxd5 Kf6 51. Be4 Ke6 52. Kf3 g5 53. Kg4 Bf4 54. Bd3 Kf6 55. h4 1-0


[Site "https://www.chess.com"]

[Event "Titled Tuesday Blitz March 07 Late 2023"]
[White "Durarbayli, Vasif"]
[Black "Kozin, Yuri"]
[WhiteFideId "13402935"]
[BlackFideId "4129920"]
[WhiteElo "2543"]
[BlackElo "2486"]
[Result "1-0"]
[Round "01"]
[TimeControl "180+2"]
[Date "2023.03.07"]
[WhiteClock "0:00:32"]
[BlackClock "0:00:23"]

1. e4 c5 2. Nf3 e6 3. d4 cxd4 4. Nxd4 a6 5. Nc3 Qc7 6. g3 Bb4 7. Ne2 Nf6 8. Bg2 Nc6 9. O-O Be7 10. h3 d6 11. g4 b5 12. Ng3 b4 13. Nce2 e5 14. a3 bxa3 15. Rxa3 d5 16. exd5 Bxa3 17. dxc6 Bd6 18. g5 Ng8 19. Ne4 Bf8 20. f4 Bf5 21. N4g3 Rd8 22. Qe1 Bxc2 23. fxe5 Bc5+ 24. Kh1 Ne7 25. Qc3 Bd3 26. Qxc5 O-O 27. Re1 Bxe2 28. Rxe2 Rd1+ 29. Kh2 Ng6 30. Nf5 Re8 31. Qd6 Qb6 32. Qxd1 1-0


[Site "https://www.chess.com"]

[Event "Titled Tuesday Blitz March 07 Late 2023"]
[White "Poeta, Caio Medeiros"]
[Black "Paravyan, David"]
[WhiteFideId "2142660"]
[BlackFideId "4194985"]
[WhiteElo "2191"]
[BlackElo "2577"]
[Result "0-1"]
[Round "01"]
[TimeControl "180+2"]
[Date "2023.03.07"]
[WhiteClock "0:02:17"]
[BlackClock "0:02:15"]

1. d4 Nf6 2. c4 g6 3. Nc3 d5 4. cxd5 Nxd5 5. e4 Nxc3 6. bxc3 Bg7 7. Be3 c5 8. Rc1 Qa5 9. Qd2 cxd4 10. cxd4 Qxd2+ 11. Kxd2 O-O 12. Bb5 f5 13. f3 Nc6 14. Bxc6 bxc6 15. Rc5 fxe4 16. fxe4 Rf1 17. Rc1 Rxc1 18. Kxc1 Be6 19. a4 Rb8 20. Nf3 Rb4 21. a5 Ra4 22. Bd2 Ra1+ 0-1


[Site "https://www.chess.com"]

[Event "Titled Tuesday Blitz March 07 Late 2023"]
[White "Bluebaum, Matthias"]
[Black "Fiedorek, Michal"]
[WhiteFideId "24651516"]
[BlackFideId "1199528"]
[WhiteElo "2638"]
[BlackElo "2135"]
[Result "1-0"]
[Round "01"]
[TimeControl "180+2"]
[Date "2023.03.07"]
[WhiteClock "0:00:13"]
[BlackClock "0:00:01"]

1. d4 Nf6 2. c4 g6 3. Nc3 Bg7 4. e4 d6 5. Nf3 O-O 6. Be2 e5 7. Be3 Nc6 8. d5 Ne7 9. Nd2 Nd7 10. b4 a5 11. a3 f5 12. f3 Nf6 13. c5 Nh5 14. O-O Nf4 15. Nc4 axb4 16. axb4 Rxa1 17. Qxa1 fxe4 18. fxe4 Bh6 19. Bf3 g5 20. Qd1 Qd7 21. cxd6 cxd6 22. Nb6 Qc7 23. Nb5 Qd8 24. Nxc8 Nxc8 25. Bg4 Qe8 26. Nc7 Qg6 27. Bf5 Qg7 28. Ne6 Nxe6 29. Bxe6+ Kh8 30. Rxf8+ Qxf8 31. Qc2 Ne7 32. Qc7 Ng6 33. Qc8 Nf4 34. Qxf8+ Bxf8 35. Bc8 b5 36. Bd7 Ne2+ 37. Kf2 Nd4 38. Bxg5 Kg7 39. g4 Nc2 40. Bd2 Na3 41. Bc3 Nb1 42. Be1 Na3 43. h4 Nc2 44. Bc3 Na3 45. Kg3 Be7 46. g5 h6 47. Kg4 hxg5 48. hxg5 Nb1 49. Be1 Na3 50. Bd2 Bd8 51. Kf5 Bc7 52. Ke6 Nc4 53. Bc3 Na3 54. Be8 Nb1 55. Be1 Na3 56. Kd7 Bb8 57. Kc6 Nc2 58. Bd2 Nd4+ 59. Kb7 1-0


[Site "https://www.chess.com"]

[Event "Titled Tuesday Blitz March 07 Late 2023"]
[White "Principe, Gerson"]
[Black "Sjugirov, Sanan"]
[WhiteFideId "3804550"]
[BlackFideId "4189302"]
[WhiteElo "2229"]
[BlackElo "2569"]
[Result "0-1"]
[Round "01"]
[TimeControl "180+2"]
[Date "2023.03.07"]
[WhiteClock "0:00:06"]
[BlackClock "0:00:08"]

1. Nf3 d5 2. e3 Nf6 3. b3 Bf5 4. Bb2 e6 5. Be2 h6 6. O-O Be7 7. d4 O-O 8. c4 c6 9. Nc3 Nbd7 10. a3 a5 11. Bd3 Bxd3 12. Qxd3 Qb6 13. c5 Qa6 14. Qxa6 Rxa6 15. b4 Rc8 16. Rfc1 b5 17. Kf1 Rca8 18. Ke2 Ne4 19. Nxe4 dxe4 20. Nd2 f5 21. Nb3 Bd8 22. Bc3 axb4 23. axb4 Ra2+ 24. Bd2 R2a3 25. Na5 Rxa1 26. Rxa1 Nf6 27. Nb3 Rxa1 28. Nxa1 Bc7 29. h3 Kf7 30. Nb3 Ke7 31. Ke1 g5 32. Ke2 h5 33. g3 Nh7 34. Be1 Nf6 35. Bd2 Nd5 36. Nc1 Kf6 37. Nb3 Kf7 38. Kf1 Ke7 39. Ke2 f4 40. gxf4 gxf4 41. exf4 Bxf4 42. Na5 Kd7 43. Be1 Bc7 44. Nb3 Nf4+ 45. Ke3 Nxh3 46. Kxe4 Nf4 47. Nd2 h4 48. Nf3 h3 49. Bd2 Nd5 50. Bg5 h2 51. Nxh2 Bxh2 52. f4 Bg3 53. f5 exf5+ 54. Kxf5 Be1 55. Ke4 Bxb4 56. Bc1 Ba5 57. Kd3 Bc7 58. Kc2 Ke6 59. Kd3 Kf5 60. Bd2 Bf4 61. Be1 Bg5 0-1


[Site "https://www.chess.com"]